 Dungeon Crawl Stone Soup version 0.20-a0-910-gb611367 (webtiles) character file.

270949 nikopol the Phalangite (level 19, 0/177 HPs)
             Began as a Minotaur Berserker on Mar 22, 2017.
             Was the Champion of Trog.
             Slain by an Executioner (2 damage)
             ... summoned by a deep elf demonologist
             ... on level 1 of the Elven Halls on Mar 23, 2017.
             The game lasted 02:56:36 (46655 turns).

nikopol the Phalangite (Minotaur Berserker)        Turns: 46655, Time: 02:56:37

Health: 0/177      AC: 26    Str: 23    XL:     19   Next: 44%
Magic:  18/18      EV: 21    Int:  4    God:    Trog [******]
Gold:   2423       SH:  2    Dex: 17    Spells: 18/18 levels left

rFire    + . .     SeeInvis .   a - +4 glaive (flame)
rCold    + + .     Gourm    .   X - +3 scale mail of the Queen {+Inv rF+ MR+ Stlth-}
rNeg     + + .     Faith    .   (shield currently unavailable)
rPois    .         Spirit   .   (helmet restricted)
rElec    .         Reflect  +   M - +2 cloak {MR+}
rCorr    .         Harm     .   f - +2 pair of gloves of Ekkesel {Regen+}
MR       ++++.                  Q - +0 pair of boots
Stlth    ..........             o - amulet "Ysaliqio" {Reflect *Drain +Inv rC+ rN++ SH+2}
Regen    0.8/turn               I - +4 ring of protection
MPRegen  0.2/turn               t - ring of Padouc {rC+ MR+}

@: very slightly contaminated
A: retaliatory headbutt, horns 2
}: 2/15 runes: serpentine, barnacled
a: Berserk, Trog's Hand, Brothers in Arms, Burn Spellbooks, Renounce Religion,
Evoke Invisibility


You were on level 1 of the Elven Halls.
You worshipped Trog.
Trog was exalted by your worship.
You were not hungry.

You visited 6 branches of the dungeon, and saw 32 of its levels.
You visited 1 bazaar.
You also visited: Labyrinth, Ossuary and Ice Cave.

You collected 4794 gold pieces.
You spent 2371 gold pieces at shops.

Inventory:

Hand Weapons
 a - a +4 glaive of flaming (weapon)
 z - a +3 shortbow of flaming
 E - a +4 halberd of protection
 G - a +3 longbow of flaming
 L - a +2 antimagic spear
Missiles
 u - 532 arrows (quivered)
Armour
 f - the +2 pair of gloves of Ekkesel (worn) {Regen+}
   (You acquired it on level 15 of the Dungeon)

   It increases your rate of regeneration.
 F - the +6 fire dragon scales "Nomuith" {rElec rF++ rC-}
   (You took it off a merfolk impaler on level 4 of the Shoals)

   It greatly protects you from fire.
   It makes you vulnerable to cold.
   It insulates you from electricity.
 K - a +1 pair of gloves of strength
 M - a +2 cloak of magic resistance (worn)
 Q - a +0 pair of boots (worn)
 U - a +1 cloak of invisibility
 V - a +2 chain mail of poison resistance
 X - the +3 scale mail of the Queen (worn) {+Inv rF+ MR+ Stlth-}
   (You bought it in a shop on level 4 of the Snake Pit)

   It protects you from fire.
   It affects your resistance to hostile enchantments.
   It lets you turn invisible.
   It makes you less stealthy.
Jewellery
 n - the amulet of the Four Winds {rN+ MR+++ Clar}
   (You bought it in a shop in a bazaar)

   [amulet of nothing]

   It protects you from negative energy.
   It affects your resistance to hostile enchantments.
   It protects you against confusion.
 o - the amulet "Ysaliqio" (around neck) {Reflect *Drain +Inv rC+ rN++ SH+2}
   (You found it on level 11 of the Dungeon)

   [amulet of reflection]

   It shields you and reflects attacks.
   It protects you from cold.
   It greatly protects you from negative energy.
   It lets you turn invisible.
   It causes draining when unequipped.
   It affects your SH (+2).
 t - the ring of Padouc (left hand) {rC+ MR+}
   (You bought it in a shop on level 2 of the Orcish Mines)

   [ring of protection from magic]

   It protects you from cold.
   It affects your resistance to hostile enchantments.
 B - an uncursed ring of flight
 I - a +4 ring of protection (right hand)
 W - an uncursed ring of protection from magic
Wands
 y - a wand of disintegration (11/24)
 A - a wand of digging (15/24)
 R - a wand of paralysis (14/24)
Scrolls
 d - 14 scrolls of remove curse
 e - 2 scrolls of fear
 i - 6 scrolls of blinking
 j - 14 scrolls of identify
 r - 9 scrolls of enchant weapon
 s - 2 scrolls of teleportation
 w - 8 scrolls of magic mapping
 J - 3 scrolls of fog
 S - 3 scrolls of recharging
 T - 6 scrolls of brand weapon
 Y - 2 scrolls of holy word
Potions
 b - a potion of magic
 g - 2 potions of ambrosia
 h - 3 potions of resistance
 l - 7 potions of curing
 m - 11 potions of brilliance
 p - 7 potions of haste
 q - 7 potions of flight
 D - 2 potions of agility
 H - 7 potions of invisibility
 N - 3 potions of cancellation
 O - 4 potions of might
 P - 2 potions of heal wounds
Comestibles
 c - 22 bread rations
 k - 15 royal jellies
 v - 12 meat rations
 x - 31 fruits
 Z - 10 chunks of flesh


   Skills:
 + Level 17.2 Fighting
 + Level 21.1 Polearms
 * Level 18.2 Bows
 + Level 16.9 Armour
 + Level 15.6 Dodging


You had 18 spell levels left.
You didn't know any spells.

Dungeon Overview and Level Annotations

Branches:
Dungeon (15/15)            Temple (0/1) D:6            Lair (6/6) D:11
 Shoals (4/4) Lair:4        Snake (4/4) Lair:2        Slime (0/5) Lair:6
    Orc (2/2) D:12            Elf (1/3) Orc:2        Vaults (0/5) D:13
 Depths (0/5) D:15

Altars:
Ashenzari
Cheibriados
Kikubaaqudgha
Makhleb
Nemelex Xobeh
Ru
Sif Muna
Uskayaw
Vehumet
Wu Jian
Xom
Yredelemnul
Zin
The Shining One
Jiyva

Shops:
D:4 :   D:6 (   Orc:1 ?[   Orc:2 [=([   Shoals:1 =   Shoals:2 (   Shoals:4 *
Snake:4 ?[*


Innate Abilities, Weirdness & Mutations

You reflexively headbutt those who attack you in melee.
You have a pair of horns on your head.


Message History

The Executioner hits you but does no damage. x3
The Executioner hits you.
* * * LOW HITPOINT WARNING * * *
The Executioner hits you but does no damage. x2
You hear a grinding noise.
The Executioner hits you!
* * * LOW HITPOINT WARNING * * *
The Executioner hits you but does no damage.
The Executioner hits you.
* * * LOW HITPOINT WARNING * * *
The Executioner hits you but does no damage.
The Executioner completely misses you.
The Executioner hits you but does no damage.
You feel much better. The Executioner hits you.
* * * LOW HITPOINT WARNING * * *
The Executioner barely misses you. The Executioner misses you.
The Executioner hits you!
* * * LOW HITPOINT WARNING * * *
The Executioner hits you.
You die...

## #.........#####....####....
.######....♣....'...'.♣♣...####'#
.##.............#####....### #.#
..#.####.......## #..##'## #.#
....# ##.....'## ######.####'#
8.#.# ##...##.###### ##.##...
..#.# #######'#...### ##'....
..#.# #.......# #..... ....#
#@......+ +...⌠. ..#.# #1......#
#..... ..#.# #.......# ##....
8.#.# #######.......# +#... ....#
##.....#)#...### ##+# ..###
##.......###### .## ##.......3.##
.# #...........# ## #...........#


You could see an Executioner and a sun demon.

Vanquished Creatures
  Rupert (D:12)
  Frances (Shoals:1)
  Roxanne (Shoals:1)
  Kirke (D:12)
  A frost giant (IceCv)
  7 nagarajas (Snake:4)
  Aizul (Snake:2)
  A deep elf demonologist (Elf:1)
  Snorg (Lair:5)
  5 merfolk javelineers
  8 merfolk impalers
  Josephine (D:15)
  A minotaur (Lab)
  Erolcha (Orc:2)
  6 hydras
  A rakshasa (D:15)
  18 anacondas
  A centaur warrior (D:15)
  24 naga warriors
  7 merfolk aquamancers
  3 catoblepae
  2 merfolk avatars
  7 dancing weapons
  A death yak (Lair:6)
  6 two-headed ogres
  5 orc high priests
  10 shock serpents
  20 naga sharpshooters
  Urug (D:15)
  5 deep elf knights (Elf:1)
  6 salamander mystics
  8 sea snakes
  2 unseen horrors
  8 naga ritualists
  12 skeletal warriors
  4 deep elf archers (Elf:1)
  10 harpies
  4 lindwurms (Snake:4)
  15 deep elf magi
  5 orc knights
  15 ugly things
  16 mana vipers
  4 orc sorcerers
  17 manticores
  3 fauns (Shoals:1)
  A wolf spider (D:15)
  11 salamanders
  21 elephants
  2 ice statues (IceCv)
  13 merfolk sirens
  6 guardian serpents
  6 cyclopes
  20 naga magi
  8 water nymphs
  Joseph (D:7)
  60 black mambas
  Maurice (D:12)
  3 gargoyles
  18 spiny frogs
  4 rime drakes
  8 komodo dragons
  11 trolls
  29 merfolk
  A tyrant leech (shapeshifter) (D:15)
  Prince Ribbit (D:5)
  6 wind drakes
  27 blink frogs
  Grinder (D:5)
  14 polar bears
  A hornet (Lair:6)
  15 snapping turtles
  A raiju (shapeshifter) (D:15)
  16 dream sheep
  15 slime creatures
  13 hippogriffs
  2 air elementals (Elf:1)
  A spriggan (D:7)
  10 water elementals
  A vampire (D:15)
  66 yaks
  A shadow (D:15)
  6 wyverns
  Sigmund (D:6)
  2 fire elementals (Elf:1)
  4 wraiths
  3 hungry ghosts
  3 basilisks
  3 hogs (D:12)
  2 chaos spawn (D:11)
  43 nagas
  2 wargs
  12 water moccasins
  5 acid dragons
  Duvessa (D:5)
  10 porcupines
  7 ice beasts
  4 sky beasts
  A black bear (D:7)
  A hornet zombie (D:10)
  A meliai simulacrum (D:14)
  33 orc warriors
  An eye of draining (shapeshifter) (D:15)
  A phantom (D:10)
  3 necrophages
  12 ogres
  28 wolves
  13 crocodiles
  19 centaurs
  2 big kobolds (D:11)
  11 bullfrogs
  A wyvern zombie (D:12)
  Dowan (D:5)
  5 scorpions
  4 killer bees (D:12)
  6 wights
  2 electric eels
  2 howler monkeys
  8 crimson imps
  2 lava snakes (Snake:3)
  A centaur zombie (D:7)
  A human zombie (Ossuary)
  23 orc priests
  2 jellies
  36 orc wizards
  9 hounds
  3 centaur skeletons
  A gnoll shaman (D:10)
  A bullfrog skeleton (D:7)
  4 iguanas
  13 worker ants
  4 hell rats (Lair:6)
  A killer bee zombie (D:8)
  A big kobold zombie (Ossuary)
  A hound zombie (D:6)
  5 mummies
  3 worker ant zombies
  Robin (D:4)
  4 gnolls (D:10)
  12 adders
  6 shadow imps
  12 white imps (D:11)
  An ooze (D:5)
  An adder skeleton (D:5)
  3 worms
  3 dart slugs (D:1)
  6 leopard geckos
  115 orcs
  8 bats
  6 giant cockroaches
  11 goblins
  13 hobgoblins
  3 jackals
  14 kobolds
  2 quokkas
  2 ball pythons
  6 frilled lizards
  2 goblin zombies (Ossuary)
  A hobgoblin zombie (D:8)
  4 kobold zombies
  An orc zombie (Ossuary)
  4 rats
  7 plants
1314 creatures vanquished.

Vanquished Creatures (collateral kills)
  Ilsuiw (Shoals:4)
  A nagaraja (Snake:4)
  A merfolk javelineer (Shoals:4)
  A naga warrior (Snake:3)
  An anaconda (Snake:4)
  A dancing weapon (Elf:1)
  A naga sharpshooter (Snake:4)
  A guardian serpent (Snake:4)
  A merfolk siren (Shoals:4)
  A merfolk (Shoals:4)
  A water elemental (Shoals:4)
  2 nagas
13 creatures vanquished.

Vanquished Creatures (others)
  A deep elf demonologist (Elf:1)
  A merfolk javelineer (Shoals:4)
  A deep elf knight (Elf:1)
  A human (D:12)
  2 orc wizards
  A bush (Lair:6)
  34 fungi
  97 plants
138 creatures vanquished.

Grand Total: 1465 creatures vanquished

Notes
Turn   | Place    | Note
-------+----------+-------------------------------------------
     0 | D:1      | nikopol the Minotaur Berserker began the quest for the Orb.
     0 | D:1      | Reached XP level 1. HP: 19/19 MP: 0/0
   205 | D:1      | Reached XP level 2. HP: 26/26 MP: 1/1
   394 | D:1      | Reached skill level 4 in Polearms
   417 | D:1      | Reached ** piety under Trog
   466 | D:1      | Reached XP level 3. HP: 33/33 MP: 2/2
  1293 | D:2      | Reached XP level 4. HP: 40/40 MP: 3/3
  1938 | D:3      | Reached XP level 5. HP: 23/47 MP: 4/4
  2168 | D:4      | Noticed an ogre
  2178 | D:4      | Killed an ogre
  2178 | D:4      | Reached skill level 5 in Fighting
  2212 | D:3      | Reached *** piety under Trog
  2446 | D:4      | Found Iskaurgh's Book Emporium.
  2470 | D:4      | Reached skill level 5 in Polearms
  2470 | D:4      | Reached XP level 6. HP: 48/56 MP: 5/5
  2662 | D:4      | Upgraded the game from 0.20-a0-909-g1a4ba80 to 0.20-a0-910-gb611367
  2845 | D:4      | Noticed Robin
  2851 | D:4      | Killed Robin
  2967 | D:4      | Reached skill level 5 in Armour
  2967 | D:4      | Reached XP level 7. HP: 41/62 MP: 6/6
  3549 | D:4      | Reached skill level 6 in Polearms
  3550 | D:4      | Reached skill level 5 in Dodging
  3706 | D:5      | Entered Level 5 of the Dungeon
  3722 | D:5      | Reached **** piety under Trog
  3935 | D:5      | Noticed Grinder
  3963 | D:5      | Killed Grinder
  3963 | D:5      | Reached XP level 8. HP: 14/71 MP: 7/7
  4302 | D:5      | Noticed Dowan
  4304 | D:5      | Noticed Duvessa
  4321 | D:5      | Killed Duvessa
  4327 | D:5      | Killed Dowan
  4369 | D:5      | Reached skill level 7 in Polearms
  4393 | D:5      | Noticed Prince Ribbit
  4799 | D:5      | Reached skill level 1 in Bows
  4813 | D:5      | Found a burning altar of Makhleb.
  4871 | D:5      | Killed Prince Ribbit
  5204 | D:6      | Reached skill level 8 in Polearms
  5204 | D:6      | Reached XP level 9. HP: 74/80 MP: 8/8
  5220 | D:6      | Found a staircase to the Ecumenical Temple.
  5480 | D:6      | Noticed Sigmund
  5489 | D:6      | Killed Sigmund
  5518 | D:6      | Found Henaurch's Antique Weapon Shoppe.
  6344 | D:7      | Reached skill level 9 in Polearms
  6399 | D:7      | Noticed Joseph
  6423 | D:7      | Killed Joseph
  6423 | D:7      | Reached skill level 5 in Bows
  6581 | D:7      | Reached ***** piety under Trog
  6995 | D:8      | Found a radiant altar of Vehumet.
  6995 | D:8      | Found a hide-covered altar of Uskayaw.
  6995 | D:8      | Found a sacrificial altar of Ru.
  6995 | D:8      | Found a glowing golden altar of the Shining One.
  6995 | D:8      | Found a sparkling altar of Nemelex Xobeh.
  6996 | D:8      | Found a deep blue altar of Sif Muna.
  6997 | D:8      | Found a basalt altar of Yredelemnul.
  6998 | D:8      | Found a snail-covered altar of Cheibriados.
  6999 | D:8      | Found an ornate altar of the Wu Jian Council.
  7004 | D:8      | Found an ancient bone altar of Kikubaaqudgha.
  7161 | D:8      | Found a shattered altar of Ashenzari.
  7235 | D:8      | Reached XP level 10. HP: 79/90 MP: 9/9
  7538 | D:8      | Found a sand-covered staircase.
  7546 | Ossuary  | Entered an ossuary
  8542 | D:9      | Received a gift from Trog
  8687 | D:9      | Noticed a cyclops
  8705 | D:9      | Killed a cyclops
  8705 | D:9      | Reached skill level 10 in Polearms
  8996 | D:9      | Identified the Reference Book on the Birds
  9453 | D:10     | Entered Level 10 of the Dungeon
 10342 | D:11     | Received a gift from Trog
 10388 | D:11     | Found a frozen archway.
 10438 | IceCv    | Entered an ice cave
 10480 | IceCv    | Reached skill level 11 in Polearms
 10720 | IceCv    | Reached XP level 11. HP: 88/99 MP: 3/10
 11205 | IceCv    | HP: 4/148 [something (10)]
 11631 | IceCv    | Received a gift from Trog
 11916 | IceCv    | Reached skill level 10 in Fighting
 12504 | IceCv    | Noticed a frost giant
 12570 | IceCv    | Killed a frost giant
 12570 | IceCv    | Reached skill level 12 in Polearms
 13425 | D:11     | Noticed a two-headed ogre
 13433 | D:11     | Killed a two-headed ogre
 13433 | D:11     | Reached skill level 10 in Armour
 13501 | D:11     | Received a gift from Trog
 13501 | D:11     | Reached XP level 12. HP: 83/107 MP: 11/11
 13918 | D:11     | Got a faintly glowing lead amulet
 13919 | D:11     | Identified the amulet "Ysaliqio" {Reflect *Drain +Inv rC+ rN++ SH+2} (You found it on level 11 of the Dungeon)
 13995 | D:11     | Found a shimmering altar of Xom.
 14126 | D:11     | Reached skill level 10 in Bows
 14223 | D:11     | Noticed a two-headed ogre
 14227 | D:11     | Noticed a two-headed ogre
 14228 | D:11     | Killed a two-headed ogre
 14237 | D:11     | Killed a two-headed ogre
 14570 | D:11     | Found a staircase to the Lair.
 14598 | D:11     | Reached skill level 13 in Polearms
 14867 | Lair:1   | Entered Level 1 of the Lair of Beasts
 15028 | Lair:1   | Found a labyrinth entrance.
 15059 | Lab      | Entered a labyrinth
 15248 | Lab      | Noticed a minotaur
 15255 | Lab      | Killed a minotaur
 15255 | Lab      | Reached skill level 10 in Dodging
 15827 | Lair:1   | Received a gift from Trog
 16353 | Lair:2   | Found a staircase to the Snake Pit.
 17147 | Lair:3   | Reached XP level 13. HP: 113/116 MP: 12/12
 17634 | Lair:3   | Reached skill level 14 in Polearms
 18411 | Lair:4   | Found a staircase to the Shoals.
 18976 | Lair:4   | Received a gift from Trog
 19709 | Lair:5   | Noticed Snorg
 19723 | Lair:5   | Killed Snorg
 20528 | Lair:6   | Entered Level 6 of the Lair of Beasts
 20995 | Lair:6   | Reached XP level 14. HP: 127/127 MP: 13/13
 20999 | Lair:6   | Reached skill level 15 in Polearms
 21312 | Lair:6   | Received a gift from Trog
 21317 | Lair:6   | Paralysed by a hornet for 1 turns
 22195 | Lair:6   | Got a pitted scale mail
 22208 | Lair:6   | Identified the +6 scale mail "Xeomemp Azeh" {Int+4} (You found it on level 6 of the Lair of Beasts)
 22270 | Lair:6   | Reached skill level 16 in Polearms
 22611 | Lair:6   | Found a viscous altar of Jiyva.
 22611 | Lair:6   | Found a staircase to the Slime Pits.
 23447 | D:12     | Reached ****** piety under Trog
 23492 | D:12     | Received a gift from Trog
 23732 | D:12     | Found a glowing silver altar of Zin.
 23833 | D:12     | Noticed Kirke
 23842 | D:12     | Noticed Rupert
 23867 | D:12     | Killed Kirke
 23877 | D:12     | Killed Rupert
 23877 | D:12     | Reached XP level 15. HP: 136/136 MP: 14/14
 24062 | D:12     | Noticed Maurice
 24079 | D:12     | Killed Maurice
 24147 | D:12     | Found a staircase to the Orcish Mines.
 24432 | Orc:1    | Entered Level 1 of the Orcish Mines
 24690 | Orc:2    | Entered Level 2 of the Orcish Mines
 24690 | Orc:2    | Found a staircase to the Elven Halls.
 24721 | Orc:1    | Paralysed by an orc sorcerer for 4 turns
 24936 | Orc:2    | Received a gift from Trog
 25047 | Orc:1    | Found Yseur's Antique Armour Shoppe.
 25083 | Orc:1    | Found Waosotso's Magic Scroll Shop.
 25463 | Orc:2    | Noticed Erolcha
 25478 | Orc:2    | Killed Erolcha
 26394 | Orc:2    | Received a gift from Trog
 26590 | Orc:2    | Reached skill level 17 in Polearms
 26763 | Orc:2    | Found Muceer's Armour Shop.
 26763 | Orc:2    | Found Jennutiu's Armour Emporium.
 26775 | Orc:2    | Found Zaloitih's Jewellery Emporium.
 26775 | Orc:2    | Found Oruumut's Weapon Shop.
 26792 | Orc:2    | Bought the ring of Padouc {rC+ MR+} for 663 gold pieces
 26905 | Orc:1    | Bought a shimmering ring mail for 261 gold pieces
 26915 | Orc:1    | Identified the +5 ring mail of Xelakh {*Slow +Blink rC++ Dex+2} (You bought it in a shop on level 1 of the Orcish Mines)
 27217 | D:13     | Found a gate to the Vaults.
 28458 | D:14     | Received a gift from Trog
 29076 | D:15     | Entered Level 15 of the Dungeon
 29181 | D:15     | Noticed Urug
 29186 | D:15     | Killed Urug
 29262 | D:15     | Found a gateway to a bazaar.
 29340 | Bazaar   | Entered a bazaar
 29340 | Bazaar   | Found Duodau's Magic Scroll Shoppe.
 29340 | Bazaar   | Found Leiptommo's Jewellery Boutique.
 29340 | Bazaar   | Found Didoileaq's Magic Scroll Shoppe.
 29340 | Bazaar   | Found Quefacusm's Food Shop.
 29416 | Bazaar   | Bought a scroll of enchant weapon for 52 gold pieces
 29443 | Bazaar   | Bought the amulet of the Four Winds {rN+ MR+++ Clar} for 439 gold pieces
 29477 | Bazaar   | Bought a bread ration for 60 gold pieces
 29477 | Bazaar   | Bought a royal jelly for 24 gold pieces
 29477 | Bazaar   | Bought a bread ration for 60 gold pieces
 29477 | Bazaar   | Bought a royal jelly for 24 gold pieces
 29477 | Bazaar   | Bought a bread ration for 60 gold pieces
 29477 | Bazaar   | Bought a royal jelly for 24 gold pieces
 29477 | Bazaar   | Bought a meat ration for 60 gold pieces
 29477 | Bazaar   | Bought a meat ration for 60 gold pieces
 29477 | Bazaar   | Bought a meat ration for 60 gold pieces
 29488 | Bazaar   | Bought a scroll of brand weapon for 200 gold pieces
 29502 | D:15     | Identified a scroll of acquirement
 29503 | D:15     | Got a pair of warped gloves
 29514 | D:15     | Identified the +2 pair of gloves of Ekkesel {Regen+} (You acquired it on level 15 of the Dungeon)
 29623 | D:15     | Reached XP level 16. HP: 116/146 MP: 15/15
 29628 | D:15     | Found a burning altar of Makhleb.
 29798 | D:15     | Found a shattered altar of Ashenzari.
 29898 | D:15     | Reached skill level 18 in Polearms
 29903 | D:15     | Reached skill level 15 in Bows
 30123 | D:15     | Noticed Josephine
 30149 | D:15     | Killed Josephine
 30212 | D:15     | Received a gift from Trog
 30236 | D:15     | Found a staircase to the Depths.
 30546 | Snake:1  | Entered Level 1 of the Snake Pit
 31693 | Snake:2  | Noticed Aizul
 31732 | Snake:2  | Killed Aizul
 32793 | Snake:2  | Reached skill level 19 in Polearms
 32923 | Snake:2  | Received a gift from Trog
 33800 | Snake:3  | Reached skill level 15 in Fighting
 34111 | Snake:3  | Reached XP level 17. HP: 156/156 MP: 16/16
 34864 | Snake:3  | Reached skill level 15 in Armour
 34988 | Snake:3  | Received a gift from Trog
 35187 | Snake:3  | Received a gift from Trog
 35610 | Snake:4  | Entered Level 4 of the Snake Pit
 35686 | Snake:4  | Found Umuga's Magic Scroll Emporium.
 35686 | Snake:4  | Found Jeujibag's Antique Armour Shoppe.
 35690 | Snake:4  | Found Tutajofigu's General Store.
 35754 | Snake:4  | Bought a dazzling scale mail for 234 gold pieces
 35756 | Snake:4  | Bought a scroll of holy word for 90 gold pieces
 35788 | Snake:4  | Identified the +3 scale mail of the Queen {+Inv rF+ MR+ Stlth-} (You bought it in a shop on level 4 of the Snake Pit)
 36281 | Snake:4  | Reached skill level 20 in Polearms
 36689 | Snake:4  | Received a gift from Trog
 37553 | Snake:4  | Received a gift from Trog
 37864 | Snake:4  | Received a gift from Trog
 38027 | Snake:4  | Reached XP level 18. HP: 165/166 MP: 17/17
 38030 | Snake:4  | Received a gift from Trog
 38147 | Snake:4  | HP: 2/166 [shock serpent/bolt of electricity (20)]
 39367 | Snake:4  | Got a serpentine rune of Zot
 39818 | Shoals:1 | Entered Level 1 of the Shoals
 39918 | Shoals:1 | Noticed Roxanne
 39944 | Shoals:1 | Killed Roxanne
 39945 | Shoals:1 | Received a gift from Trog
 40118 | Shoals:1 | Noticed Frances
 40136 | Shoals:1 | Killed Frances
 40383 | Shoals:1 | Found Exzetut's Jewellery Shoppe.
 40852 | Shoals:2 | Received a gift from Trog
 41211 | Shoals:2 | Found Woqigagg's Weapon Boutique.
 41417 | Shoals:2 | You fall through a shaft!
 41586 | Shoals:2 | Reached skill level 15 in Dodging
 42710 | Shoals:4 | Entered Level 4 of the Shoals
 42717 | Shoals:4 | Received a gift from Trog
 42772 | Shoals:4 | Found Kuiph's Assorted Antiques.
 42936 | Shoals:4 | Noticed Ilsuiw
 43450 | Shoals:4 | Killed Ilsuiw
 44065 | Shoals:4 | Reached XP level 19. HP: 136/174 MP: 18/18
 44447 | Shoals:4 | Got bloodstained fire dragon scales
 44458 | Shoals:4 | Identified the +6 fire dragon scales "Nomuith" {rElec rF++ rC-} (You took it off a merfolk impaler on level 4 of the Shoals)
 44614 | Shoals:4 | Received a gift from Trog
 44620 | Shoals:4 | Reached skill level 21 in Polearms
 45445 | Shoals:4 | Got a barnacled rune of Zot
 45890 | Elf:1    | Entered Level 1 of the Elven Halls
 46417 | Elf:1    | Received a gift from Trog
 46540 | Elf:1    | Received a gift from Trog
 46654 | Elf:1    | HP: 6/177 [Executioner[a deep elf demonologist] (12)]
 46654 | Elf:1    | HP: 2/177 [Executioner[a deep elf demonologist] (4)]
 46655 | Elf:1    | Slain by an Executioner

Vault maps used:
D:1:      dpeg_arrival_brainrot
D:2:      first_bread, minivault_26
D:4:      minmay_door_path, serial_shops, nicolae_shop_waterfront, uniq_robin
D:5:      makhleb_heckhound_becter, uniq_grinder, uniq_prince_ribbit1,
          uniq_duvessa
D:6:      minmay_temple_entry_butterflies, serial_shops, shop, uniq_sigmund
D:7:      the_bakery, uniq_joseph
D:8:      minitemple, nicolae_ossuary_entry_giza
D:9:      minivault_19
D:10:     statuecave_lemuel
D:11:     hangedman_cross_cluster, lair_entry_dummy, portal_ice_cave_entry_imps,
          minmay_guarded_unrand_variability
D:12:     orc_0_dummy, basic_altar, uniq_maurice, uniq_rupert, uniq_kirke
D:13:     erik_vaults_1
D:15:     hangedman_depths_entry_try_elsewhere_first, serial_shops, statue_bzr,
          basic_altar, ashenzari_altar_1, uniq_urug, uniq_josephine
Lair:1:   lab_entry_generic, fungi_pond_lemuel, nicolae_quartered_pool_medium
Lair:2:   guppyfry_snake_entry_island, minivault_26, beast_lair_carwin_4,
          lemuel_fruit_fields
Lair:3:   grunt_megastairs_2
Lair:4:   minmay_shoals_entry_centaurs
Lair:5:   lemuel_fruit_fields, grunt_megastairs_5, serial_bayou_shore_a,
          uniq_snorg
Lair:6:   gammafunk_lair_ancient_temple, dpeg_slime_entry_enclosed_altar,
          serial_bayou_ford_a, nicolae_lair_yak_garden
Shoals:1: serial_shops, nicolae_shop_stone, nicolae_shoals_square_sea_wall,
          uniq_roxanne, uniq_frances
Shoals:2: serial_shops, nicolae_shop_temple_entry_statues_fountains,
          nicolae_shoals_isolated_beach
Shoals:4: shoals_end_simple, shoal_ilsuiw, serial_shops, shop,
          nicolae_shoals_cliffside_cave
Snake:2:  grunt_megastairs_1, uniq_aizul
Snake:3:  nicolae_snake_lava_pool
Snake:4:  snake_pit_salamanders_mu, serial_bayou_pond_b, minmay_shop_star
Orc:1:    serial_shops, nicolae_shop_crystal, shop, nicolae_orc_rockfall
Orc:2:    grunt_orc_tribal_feast, uniq_erolcha
Elf:1:    elf_arrival_002, orc_legates, einodemon_crawler_minivault
Lab:      labyrinth_spiral, nicolae_lab_diamond, nicolae_lab_do_over,
          labyrinth_skeletal_remains, lab_fountain
Bazaar:   bazaar_minmay_generic_island
Ossuary:  ossuary_crypta
IceCv:    ice_cave_small_giant

Skill      XL: |  1  2  3  4  5  6  7  8  9 10 11 12 13 14 15 16 17 18 19 |
---------------+----------------------------------------------------------+-----
Armour         | 3 4 5 6 7 8 9 10 11 12 13 14 15 16 | 16.9
Polearms       | 4 5 6 8 9 11 12 13 14 16 17 19 20 21 | 21.1
Fighting       | 4 5 6 7 8 9 10 11 12 13 14 15 16 17 | 17.2
Dodging        | 3 4 5 6 7 8 9 10 11 12 13 14 15 | 15.6
Bows           | 2 5 7 9 11 12 14 15 16 17 18 | 18.2

Action                   |  1- 3 |  4- 6 |  7- 9 | 10-12 | 13-15 | 16-18 | 19-21 || total
-------------------------+-------+-------+-------+-------+-------+-------+-------++-------
Melee: Spear             |   101 |    92 |       |   295 |       |       |       ||   488
       Headbutt          |    10 |    20 |    43 |   170 |   260 |   195 |    23 ||   721
       Trident           |       |    47 |   288 |   121 |       |       |       ||   456
       Halberd           |       |       |       |   232 |  1020 |   424 |       ||  1676
       Demon trident     |       |       |       |       |    29 |       |       ||    29
       Unarmed           |       |       |       |       |     6 |       |       ||     6
       Glaive            |       |       |       |       |       |   635 |   196 ||   831
 Fire: Shortbow          |       |       |   170 |   420 |   892 |  1577 |   300 ||  3359
       Longbow           |       |       |       |       |    48 |       |       ||    48
Invok: Berserk           |       |     2 |     3 |    10 |     7 |     6 |       ||    28
       Burn Spellbooks   |       |       |     1 |     1 |     1 |     3 |     1 ||     7
       Brothers in Arms  |       |       |       |       |       |     4 |     2 ||     6
       Trog's Hand       |       |       |       |       |       |     1 |       ||     1
Evoke: Wand              |       |       |       |       |     2 |       |       ||     2
  Use: Scroll            |       |       |    17 |     5 |    16 |     8 |     5 ||    51
       Potion            |       |       |       |       |       |     6 |     3 ||     9
 Stab: Sleeping          |     1 |     1 |       |       |       |       |       ||     2
       Petrifying        |       |       |       |       |     1 |       |       ||     1
       Petrified         |       |       |       |       |     1 |       |       ||     1
       Distracted        |       |       |       |       |       |     1 |       ||     1
  Eat: Chunk             |       |     9 |    16 |    34 |    43 |    36 |     7 ||   145
       Royal jelly       |       |       |       |     3 |       |     4 |       ||     7
       Fruit             |       |       |       |     2 |     2 |     5 |     2 ||    11
       Bread ration      |       |       |       |       |       |     1 |       ||     1
Armor: Leather armour    |    24 |    18 |    10 |       |       |       |       ||    52
       Chain mail        |       |       |    96 |   275 |   371 |   247 |       ||   989
       Scale mail        |       |       |       |       |    44 |   192 |   117 ||   353
Dodge: Dodged            |    36 |    63 |   154 |   320 |   555 |   776 |   199 ||  2103
Block: Other             |       |       |       |    11 |    53 |    69 |    14 ||   147
       Reflection        |       |       |       |       |     4 |    10 |     3 ||    17
